 Dungeon Crawl Stone Soup version 0.30.0-29-ga12c61a403 (webtiles) character file.

Game seed: 990383293599379063

680799 Dadbod the Merry Ant (level 27, -5/247 HPs)
             Began as a Formicid Hunter on June 16, 2023.
             Was an Elder of the Shining One.
             Slain by a royal mummy (13 damage)
             ... on level 2 of the Tomb of the Ancients on June 17, 2023.
             The game lasted 07:25:34 (70995 turns).

Dadbod the Merry Ant (Formicid Hunter)             Turns: 70995, Time: 07:25:35

Health: -5/247     AC: 26    Str: 15 (19) XL:     27
Magic:  36/36      EV: 38    Int:  9 (11) God:    the Shining One [****..]
Gold:   4496       SH: 37    Dex: 38 (41) Spells: 23/44 levels left

rFire   + + +        a - +8 storm bow {elec, penet}
rCold   . . .        e - +2 tower shield
rNeg    + + +        Z - +8 ring mail of the Blessed Realm {rF++ rN+ Int-3 Dex+4}
rPois   +            (helmet unavailable)
rElec   +            f - +2 cloak {Stlth+}
rCorr   +            M - +2 pair of gloves of Caywnet {+Inv Str+4 Slay+6}
SInv    +            z - +0 pair of boots of the Vestibule of Hell {rElec rF- rN++ Will+}
Will    +....        L - amulet "Qaycrao" {Reflect rPois rF+ Int+2 SH+5}
Stlth   +++          W - ring of Qaacvumo {rF+ rCorr Int-3 Dex+5 Stlth+}
HPRegen 0.61/turn    E - +6 ring of dexterity
MPRegen 0.25/turn

%: reflection
@: silenced, weak-willed, glowing
A: permanent stasis, dig shafts and tunnels, antennae 3, four strong arms,
iridescent scales 1, clever 1, deterioration 1, weak 1
}: 4/15 runes: serpentine, barnacled, silver, obsidian
a: Dig, Shaft Self, Renounce Religion, Evoke Invisibility


You were on level 2 of the Tomb of the Ancients.
You worshipped the Shining One.
The Shining One was greatly pleased with you.
You visited 17 branches of the dungeon, and saw 65 of its levels.
You also visited: Trove, Ice Cave, Volcano and Desolation.

You collected 7578 gold pieces.
You spent 3082 gold pieces at shops.

Inventory:

Hand Weapons
 a - the +8 storm bow (weapon) {elec, penet}
   (Okawaru gifted it to you on level 3 of the Lair of Beasts)
 b - the +27 heavy crossbow "Sniper" {heavy, Acc+∞ SInv}
   (Okawaru gifted it to you on level 5 of the Vaults)

   Acc+∞: It never misses its target.
   SInv:      It lets you see invisible.
 y - the +13 sceptre of Asmodeus
   (You took it off Asmodeus in the Arena)

   Fire Summon: It may summon demons of flame and damnation when striking foes.
   The Shining One disapproves of the use of such an item.
 U - a +9 triple crossbow of draining
Missiles
 j - 3 throwing nets
 s - 21 curare-tipped darts
Armour
 e - a +2 tower shield (worn)
 f - a +2 cloak of stealth (worn)
 m - a +3 leather armour of resistance
 n - quicksilver dragon scales
 z - the +0 pair of boots of the Vestibule of Hell (worn) {rElec rF- rN++ Will+}
   (Okawaru gifted it to you on level 1 of the Elven Halls)

   rF:        It makes you vulnerable to fire.
   rElec:     It insulates you from electricity.
   rN:        It greatly protects you from negative energy.
   Will:      It increases your willpower.
 J - a +2 pair of boots of flying
 M - the +2 pair of gloves of Caywnet (worn) {+Inv Str+4 Slay+6}
   (You found it in an ice cave)

   Str:       It affects your strength (+4).
   Slay:      It affects your accuracy & damage with ranged weapons and melee
   (+6).
   +Inv:      It lets you turn invisible.
 T - the +1 pair of boots of Onwiymaff {rElec Regen+}
   (You found it on level 7 of Gehenna)

   rElec:     It insulates you from electricity.
   Regen:     It increases your rate of health regeneration.
 Z - the +8 ring mail of the Blessed Realm (worn) {rF++ rN+ Int-3 Dex+4}
   (You found it on level 2 of the Crypt)

   Int:       It affects your intelligence (-3).
   Dex:       It affects your dexterity (+4).
   rF:        It greatly protects you from fire.
   rN:        It protects you from negative energy.
Jewellery
 p - the ring "Wafag" {rElec Will- Str+5 Slay+4}
   (You found it in a treasure trove)

   [ring of slaying]

   Str:       It affects your strength (+5).
   Slay:      It affects your accuracy & damage with ranged weapons and melee
   (+4).
   rElec:     It insulates you from electricity.
   Will:      It decreases your willpower.
 r - the ring of Xyt Tyva {Str+2 Slay+4}
   (You found it in a treasure trove)

   [ring of slaying]

   Str:       It affects your strength (+2).
   Slay:      It affects your accuracy & damage with ranged weapons and melee
   (+4).
 E - a +6 ring of dexterity (right hand)
 L - the amulet "Qaycrao" (around neck) {Reflect rPois rF+ Int+2 SH+5}
   (You bought it in a shop on level 3 of the Shoals)

   [amulet of reflection]

   It reflects blocked missile attacks.
   Int:       It affects your intelligence (+2).
   rF:        It protects you from fire.
   rPois:     It protects you from poison.
   SH:        It affects your SH (+5).
 P - a ring of willpower
 Q - the ring of Shadows {Umbra +Inv Stlth+}
   (You took it off a deep elf death mage on level 3 of the Elven Halls)

   [ring of stealth]

   Umbra:     It surrounds you with an aura of shadow, increasing your stealth
   and reducing the accuracy of all others within it.
   +Inv:      It lets you turn invisible.
   Stlth:     It makes you more stealthy.
 S - the ring of Qaenwyn {Wiz *Slow rC+ Stlth+}
   (You found it in a treasure trove)

   [ring of wizardry]

   It improves your spell success rate.
   rC:        It protects you from cold.
   *Slow:     It may slow you when you take damage.
   Stlth:     It makes you more stealthy.
 V - the amulet of Kubrimog {rElec Regen+}
   (You found it in a treasure trove)

   [amulet of regeneration]

   rElec:     It insulates you from electricity.
   Regen:     It increases your rate of health regeneration.
 W - the ring of Qaacvumo (left hand) {rF+ rCorr Int-3 Dex+5 Stlth+}
   (You found it in a treasure trove)

   [ring of resist corrosion]

   Int:       It affects your intelligence (-3).
   Dex:       It affects your dexterity (+5).
   rF:        It protects you from fire.
   rCorr:     It protects you from acid and corrosion.
   Stlth:     It makes you more stealthy.
 X - the ring of Pecziemeach {rElec rF++ rCorr Dex-3 Slay+2}
   (You found it on level 5 of the Vaults)

   [ring of resist corrosion]

   Dex:       It affects your dexterity (-3).
   Slay:      It affects your accuracy & damage with ranged weapons and melee
   (+2).
   rF:        It greatly protects you from fire.
   rElec:     It insulates you from electricity.
   rCorr:     It protects you from acid and corrosion.
Wands
 i - a wand of flame (25)
 o - a wand of light (66)
 A - a wand of polymorph (10)
 H - a wand of iceblast (62)
 N - a wand of mindburst (24)
Scrolls
 c - 2 scrolls of enchant armour
 h - 8 scrolls of poison
 k - 2 scrolls of magic mapping
 q - 9 scrolls of immolation
 t - 3 scrolls of amnesia
 B - 7 scrolls of fog
 C - 7 scrolls of fear
 I - 2 scrolls of enchant weapon
Potions
 d - 9 potions of might
 g - 6 potions of resistance
 l - a potion of curing
 v - 10 potions of attraction
 G - 6 potions of lignification
 K - 2 potions of invisibility
 O - 4 potions of cancellation
 Y - 6 potions of mutation
Miscellaneous
 w - a lightning rod (4/4)
 x - a phial of floods
 F - a phantom mirror (inert)
 R - a condenser vane (inert)


   Skills:
 + Level 26.9 Fighting
 O Level 27 Ranged Weapons
 - Level 11.3 Armour
 - Level 21.4 Dodging
 - Level 11.8 Stealth
 - Level 24.3 Shields
 - Level 9.3 Spellcasting
 - Level 7.0 Hexes
 - Level 5.3 Transmutations
 - Level 7.0 Earth Magic
 - Level 4.0 Poison Magic
 - Level 12.9 Invocations
 - Level 12.1 Evocations


You had 23 spell levels left.
You knew the following spells:

 Your Spells              Type           Power      Damage    Failure   Level
a - Wereblood             Tmut           13%        N/A       6%          2
b - Spider Form           Tmut/Pois      12%        N/A       16%         3
c - Disjunction           Tloc           2%         N/A       100%        8
d - Leda's Liquefaction   Hex/Erth       8%         N/A       19%         4
e - Olgreb's Toxic Radia  Pois           11%        N/A       54%         4

Your spell library contained the following spells:

 Spells                   Type           Power      Damage    Failure   Level
 Sting                    Tmut/Pois      48%        1d5       4%          1
 Tukima's Dance           Hex            16%        N/A       6%          3
 Ensorcelled Hibernation  Hex/Ice        20%        N/A       12%         2
 Poisonous Vapours        Pois/Air       14%        N/A       22%         2
 Dazzling Flash           Conj/Hex       20%        N/A       24%         3
 Inner Flame              Hex/Fire       10%        N/A       24%         3
 Portal Projectile        Hex/Tloc       20%        N/A       24%         3
 Petrify                  Tmut/Erth      15%        N/A       26%         4
 Ignite Poison            Fire/Tmut/Pois 9%         N/A       28%         3
 Cigotuvi's Dreadful Rot  Necr/Pois/Air  12%        N/A       30%         2
 Apportation              Tloc           8%         N/A       34%         1
 Foxfire                  Conj/Fire      16%        2x1d4     34%         1
 Freeze                   Ice            16%        1d4       34%         1
 Magic Dart               Conj           16%        1d3       34%         1
 Necrotise                Necr           16%        1d4       34%         1
 Shock                    Conj/Air       16%        1d4       34%         1
 Summon Small Mammal      Summ           16%        N/A       34%         1
 Lesser Beckoning         Tloc           8%         N/A       45%         2
 Scorch                   Fire           8%         2d5       45%         2
 Searing Ray              Conj           8%         2d4       45%         2
 Static Discharge         Conj/Air       8%         2-3/arc   45%         2
 Sublimation of Blood     Necr           4%         N/A       45%         2
 Mephitic Cloud           Conj/Pois/Air  6%         N/A       52%         3
 Yara's Violent Unravell  Hex/Tmut       7%         3d5       58%         5
 Anguish                  Hex/Necr       5%         N/A       63%         4
 Animate Armour           Summ/Erth      20%        N/A       63%         4
 Fulminant Prism          Conj/Hex       5%         3d7       63%         4
 Call Canine Familiar     Summ           4%         N/A       71%         3
 Frozen Ramparts          Ice            8%         1d2       71%         3
 Gell's Gravitas          Tloc           4%         N/A       71%         3
 Hailstorm                Conj/Ice       4%         3d4       71%         3
 Ozocubu's Armour         Ice            4%         N/A       71%         3
 Teleport Other           Tloc           4%         N/A       71%         3
 Volatile Blastmotes      Fire/Tloc      8%         2d10      71%         3
 Blade Hands              Tmut           6%         N/A       71%         5
 Ice Form                 Ice/Tmut       9%         N/A       75%         4
 Borgnjor's Vile Clutch   Necr/Erth      5%         N/A       92%         5
 Metabolic Englaciation   Hex/Ice        5%         N/A       92%         5
 Silence                  Hex/Air        5%         N/A       92%         5
 Irradiate                Conj/Tmut      4%         3d13      97%         5
 Airstrike                Air            2%         2d(1-17)  98%         4
 Flame Wave               Conj/Fire      4%         2d5       98%         4
 Iskenderun's Mystic Bla  Conj/Tloc      4%         2d3       98%         4
 Manifold Assault         Tloc           4%         N/A       98%         4
 Passage of Golubria      Tloc           4%         N/A       98%         4
 Statue Form              Tmut/Erth      10%        N/A       99%         6
 Agony                    Necr           4%         N/A       100%        5
 Arcjolt                  Conj/Air       2%         1d12      100%        5
 Fireball                 Conj/Fire      2%         3d4       100%        5
 Freezing Cloud           Conj/Ice/Air   2%         6-21      100%        5
 Conjure Ball Lightning   Conj/Air       2%         3x3d6     100%        6
 Dispersal                Tloc           2%         N/A       100%        6
 Iron Shot                Conj/Erth      5%         9d2       100%        6
 Plasma Beam              Fire/Air       2%         2x1d13    100%        6
 Simulacrum               Ice/Necr       2%         N/A       100%        6
 Starburst                Conj/Fire      2%         6d3       100%        6
 Summon Cactus Giant      Summ           2%         N/A       100%        6
 Dragon Form              Tmut           6%         N/A       100%        7
 Enfeeble                 Hex            8%         N/A       100%        7
 Haunt                    Necr/Summ      2%         N/A       100%        7
 Ozocubu's Refrigeration  Ice            2%         4d7       100%        7
 Discord                  Hex            8%         N/A       100%        8
 Ignition                 Fire           2%         3d3       100%        8
 Lehudib's Crystal Spear  Conj/Erth      5%         10d3      100%        8
 Swiftness                Air            Unusable   N/A       N/A         3
 Vhi's Electric Charge    Tloc/Air       Unusable   N/A       N/A         3

Dungeon Overview and Level Annotations

Branches:
Dungeon (15/15)            Temple (1/1) D:5            Lair (5/5) D:8
 Shoals (4/4) Lair:3        Snake (4/4) Lair:2        Slime (0/5) Lair:4
    Orc (2/2) D:12            Elf (3/3) Orc:2        Vaults (5/5) D:14
  Crypt (3/3) Vaults:3       Tomb (2/3) Crypt:3      Depths (4/4) D:15
   Hell (visited)             Dis (1/7) Hell            Geh (7/7) Hell
    Coc (1/7) Hell            Tar (6/7) Hell            Zot (2/5) Depths:4
  IceCv (visited)         Volcano (visited)         Desolation (visited)

Altars:
Ashenzari
Cheibriados
Dithmenos
Elyvilon
Fedhas
Gozag
Hepliaklqana
Kikubaaqudgha
Makhleb
Nemelex Xobeh
Okawaru
Qazlal
Ru
Sif Muna
Trog
Uskayaw
Vehumet
Wu Jian
Xom
Yredelemnul
Zin
The Shining One
Jiyva

Shops:
D:10 :   D:14 (   D:15 [   Orc:2 [(==   Elf:3 **:*:*   Shoals:3 =?[=
Snake:3 =((   Vaults:2 (   Vaults:3 [   Vaults:4 (*!   Vaults:5 !??
Depths:1 ==:

Portals:
Hell: Depths:1 Depths:2 Depths:3 Depths:4
Abyss: Depths:3 Depths:4
Pandemonium: Depths:2
Ziggurat: Depths:4

Annotations:
D:4 2 transporters
D:11 3 runed translucent doors, Fecro's ghost, journeyman SpBr; Fecro's ghost, novice SpBr; seaoflcl's ghost, journeyman MiFi; zepal's ghost, journeyman TrMo
Shoals:3 3 runed translucent doors, monsoonserge's ghost, adept MeFi
Shoals:4 1 runed translucent door, Tirrikindir's ghost, adept GrFi
Tomb:1 Khufu


Innate Abilities, Weirdness & Mutations

You cannot be hasted, slowed, berserked, paralysed or teleported.
You can dig through walls and to a lower floor.
You have a pair of large antennae on your head. (SInv)
Your four strong arms can wield two-handed weapons with a shield.
You are partially covered in iridescent scales. (AC +2)
Your mind is acute. (Int +4, Str/Dex -1)
Your body sometimes deteriorates upon taking damage.
You are weak. (Str -2)


Message History

The dire elephant zombie completely misses you.
You block the death scarab's attack.
Unknown command.
Unknown command.
Unknown command.
You shoot an arrow.
The arrow pierces through the royal mummy!!
The royal mummy is almost destroyed.
The arrow pierces through the royal mummy!!
The royal mummy is almost destroyed.
The arrow pierces through the ice dragon skeleton!
The ice dragon skeleton is almost destroyed.
You block the flying skull's attack. You block the death scarab's attack.
The revenant completely misses you. You block the necrophage's attack.
You block the phantasmal warrior's attack.
The revenant conjures spectral mists around you.
The spectral mist engulfs the spectral bunyip but does no damage.
The royal mummy hits you but does no damage.
You block the royal mummy's attack.
A guardian mummy comes into view.
Unknown command.
Unknown command.
Unknown command.
You shoot an arrow.
The arrow pierces through the royal mummy!!
You destroy the royal mummy!
The Shining One accepts your kill.
You feel better.
The arrow pierces through the royal mummy!
The royal mummy is almost destroyed.
The arrow pierces through the ice dragon skeleton!
The ice dragon skeleton is almost destroyed.
You feel extremely nervous for a moment...
Pain shoots through your body!
* * * LOW HITPOINT WARNING * * *
You block the death scarab's attack. You block the flying skull's attack.
You block the revenant's attack. The necrophage completely misses you.
You block the phantasmal warrior's attack.
The royal mummy hits you!
You die...

.## ##M . ..
### .. . ..
.##.##. ..
...##.....##!..
..#..B..M...#..
{
.#...M.MM○...#.
#....ZzMW○°°☼§#
#...ZMz@zBZz☼☼#
{
#....BnMMZ○§☼§#
##
.#..(.MZZ.☼☼.#.
#.
..#....(....#..
#.
...##.....##...
#. .. .##.##.
.. #. . .. ###
$. . #. .## ##.
#. { #.


You could see 3 royal mummies, 2 revenants, a mummy priest, a phantasmal warrior
(summoned, unsilenced), 3 guardian mummies, a spectral bunyip (summoned), 3
death scarabs, a necrophage (summoned), 2 flying skulls, 3 mummies, a harpy
simulacrum (summoned), a dire elephant zombie, an ice dragon skeleton, a storm
dragon skeleton and a spriggan defender skeleton.

Vanquished Creatures
  Asmodeus (Arena)
  3 dread liches
  An orb of fire (Zot:1)
  3 ancient liches
  A juggernaut (Depths:2)
  Mara (Vaults:5)
  2 royal mummies (Tomb:2)
  Sojobo (Crypt:3)
  Boris (Crypt:3)
  Vv (Crypt:2)
  Xtahua (Crypt:1)
  Saint Roka (Vaults:5)
  Margery (Crypt:1)
  3 curse toes
  3 caustic shrikes (Dis:1)
  9 golden dragons
  Geryon (Hell)
  Jory (Vaults:4)
  10 bone dragons
  Nikola (Shoals:3)
  6 profane servitors
  14 hellephants
  8 doom hounds
  7 Brimstone Fiends
  10 Tzitzimimeh
  A spectral shard shrike (Tar:4)
  An iron giant (Dis:1)
  5 tainted leviathans
  2 walking crystal tomes (Depths:3)
  7 tentacled monstrosities
  8 liches
  19 searing wretches
  A walking earthen tome (Depths:2)
  Murray (Depths:1)
  6 quicksilver dragons
  2 deep elf master archers (Elf:3)
  9 titans
  3 deep elf blademasters
  A walking divine tome (Depths:3)
  10 sphinxes
  Polyphemus (Shoals:3)
  A death cob (Zot:1)
  9 ancient champions
  9 storm dragons
  Frances (Shoals:1)
  Kirke (Shoals:2)
  13 tengu reavers
  3 draconian monks (Zot:1)
  Donald (Shoals:1)
  7 revenants
  9 frost giants
  7 shadow dragons
  5 nagarajas (Snake:4)
  Roxanne (D:15)
  22 fire giants
  A draconian knight (Zot:1)
  A draconian scorcher (Zot:1)
  2 quicksilver elementals (Dis:1)
  7 deep elf sorcerers
  18 vault wardens
  A shard shrike simulacrum (Crypt:3)
  33 balrugs
  5 iron dragons
  3 orc warlords
  4 spectral caustic shrikes
  3 draconian stormcallers
  Aizul (Shoals:2)
  2 spriggan defenders (Depths:4)
  A draconian annihilator (Zot:1)
  4 ghouls
  3 war gargoyles
  8 deep elf elementalists (Elf:3)
  23 ironbound preservers
  36 very ugly things
  13 stone giants
  6 reapers (Hell)
  2 curse skulls
  5 draconian shifters
  2 cacodemons
  2 caustic shrike skeletons
  10 deep elf demonologists
  5 ironbound thunderhulks
  7 vampire knights
  8 purple draconians
  7 green draconians
  6 deep elf annihilators
  Nessos (Lair:4)
  6 putrid mouths
  A dire elephant (shapeshifter) (Vaults:5)
  3 halazid warlocks (Tar:6)
  6 red draconians
  6 spark wasps
  A spectral titan (Tar:1)
  4 black draconians (Zot:1)
  2 bennus (Tomb:2)
  5 yellow draconians
  6 eidola
  16 dire elephants
  7 white draconians
  A green death (Arena)
  10 ettins
  A crystal guardian (Depths:1)
  11 deep elf death magi
  3 iron golems
  3 mummy priests
  6 merfolk javelineers
  4 deep elf high priests
  11 jiangshi
  8 merfolk impalers
  13 yaktaur captains
  2 ragged hierophants (Desolation)
  An entropy weaver (shapeshifter) (D:15)
  A great orb of eyes (shapeshifter) (Vaults:4)
  4 entropy weavers
  2 spectral krakens (Shoals:1)
  A spectral spriggan (Tar:6)
  3 blizzard demons
  2 spriggan zombies
  15 fire dragons
  28 vault guards
  A spectral golden dragon (Tar:3)
  12 salamander tyrants
  7 ice dragons
  2 peacekeepers
  7 ironbound frosthearts
  A spriggan air mage (Depths:2)
  6 great orbs of eyes
  2 caustic shrike simulacra (IceCv)
  12 hydras
  7 anacondas
  2 ogre magi
  3 spriggan skeletons
  A death knight (D:15)
  4 rakshasas
  Erolcha (D:12)
  19 centaur warriors
  2 ghost crabs (Shoals:1)
  2 hell beasts
  4 catoblepae
  An alligator snapping turtle (Shoals:3)
  A bennu zombie (Crypt:2)
  11 two-headed ogres
  4 boulder beetles
  20 stokers
  3 merfolk avatars
  5 death scarabs
  20 death yaks
  4 deep troll earth magi
  An azure jelly zombie (Crypt:1)
  3 merfolk aquamancers
  A satyr (Shoals:3)
  33 dancing weapons
  5 deep troll shamans
  40 hell hogs
  2 spectral nagas (Tar:2)
  A spectral stone giant (Tar:3)
  9 orc high priests
  13 naga warriors
  9 tengu warriors
  An emperor scorpion zombie (Crypt:2)
  The ghost of Wkid the Slicer, a journeyman SpEn of Ashenzari (Lair:2)
  8 naga sharpshooters
  A titan skeleton (Crypt:2)
  3 vampire magi
  11 shock serpents
  4 spriggan berserkers
  A titan zombie (Crypt:2)
  3 spectral dire elephants
  A crystal echidna (Depths:1)
  11 soul eaters
  7 sun demons
  Sonja (Lair:4)
  20 hell knights
  12 deep elf knights
  A sixfirhy (Hell)
  A fire crab (Lair:3)
  27 skeletal warriors
  4 skysharks
  A spectral bunyip (Tar:1)
  A spectral anaconda (Tar:6)
  8 shadow wraiths
  4 flayed ghosts
  2 death drakes (Tar:2)
  6 iron trolls
  12 salamander mystics
  8 sea snakes
  9 naga ritualists
  A death drake (shapeshifter) (Vaults:5)
  2 glowing orange brains (Depths:1)
  2 shadow demons (Tar:2)
  13 deep elf archers
  53 deep trolls
  3 anaconda zombies (Hell)
  26 ironbound convokers
  10 wizards
  4 bog bodies
  An obsidian statue (IceCv)
  2 shadow dragon zombies
  15 phantasmal warriors
  10 mana vipers
  23 harpies
  2 anaconda skeletons (Crypt:2)
  3 spriggan simulacra
  19 deep elf pyromancers
  A sphinx zombie (Crypt:3)
  An orange crystal statue (Hell)
  3 wolf spiders (Lair:5)
  19 lindwurms
  11 manticores
  30 deep elf zephyrmancers
  15 necromancers
  3 orc sorcerers
  15 orc knights
  36 ugly things
  2 moths of wrath (shapeshifter)
  4 fauns
  2 spectral centaurs (Tar:1)
  23 salamanders
  10 moths of wrath
  18 cyclopes
  19 vault sentinels
  2 elephants (Lair:5)
  A sphinx skeleton (Crypt:2)
  18 black mambas
  A frost giant skeleton (Vaults:1)
  4 guardian serpents
  A rust devil (Depths:2)
  A stone giant skeleton (Vaults:3)
  9 water nymphs
  2 dire elephant zombies (Crypt:3)
  9 smoke demons
  2 molten gargoyles
  15 naga magi
  A spectral sea snake (Shoals:1)
  10 merfolk sirens
  21 cane toads
  An orange demon (Hell)
  2 gargoyles
  A green draconian zombie (Crypt:1)
  An unseen horror (D:12)
  2 guardian serpents (shapeshifter)
  An unseen horror (shapeshifter) (D:14)
  14 hellions
  31 yaktaurs
  4 kobold demonologists
  2 ice devils
  2 efreet
  2 spectral water nymphs (Shoals:1)
  A swamp worm zombie (Crypt:1)
  6 anaconda simulacra
  A rime drake (shapeshifter) (D:14)
  7 rime drakes
  10 tormentors
  2 spectral merfolk (Shoals:1)
  5 tengu conjurers
  8 komodo dragons
  2 sea snake zombies (Hell)
  18 freezing wraiths
  A golden dragon simulacrum (IceCv)
  11 guardian mummies
  8 spectral harpies
  A green draconian skeleton (Crypt:3)
  A silent spectre (Tar:3)
  A sea snake skeleton (Hell)
  27 merfolk
  A polar bear (Lair:3)
  A meliai (shapeshifter) (Elf:2)
  A queen bee (shapeshifter) (Elf:1)
  12 trolls
  A hydra zombie (Hell)
  6 hornets
  5 saltlings
  A hornet (shapeshifter) (Vaults:2)
  A hydra skeleton (Hell)
  3 wind drakes
  4 snapping turtles
  A culicivora zombie (Crypt:3)
  A jumping spider (Vaults:1)
  13 blink frogs
  A human simulacrum (Vaults:3)
  26 dream sheep
  A spectral manticore (Shoals:1)
  A boulder beetle zombie (Crypt:1)
  A spectral wind drake (Shoals:1)
  An elf skeleton (Vaults:1)
  9 flying skulls
  36 slime creatures
  A culicivora (Vaults:4)
  An ettin skeleton (Vaults:1)
  A vampire (D:11)
  2 ynoxinuls (Depths:2)
  4 spriggans
  3 shadows
  3 air elementals
  13 water elementals
  3 dire elephant simulacra (IceCv)
  4 hogs (Shoals:2)
  35 yaks
  3 ushabtiu
  2 wraiths
  A basilisk (shapeshifter) (D:13)
  2 basilisks
  6 wyverns
  A fire elemental (Elf:2)
  A human (D:13)
  4 vampire mosquitoes
  4 redbacks
  A yaktaur simulacrum (Vaults:1)
  2 minotaur simulacra (IceCv)
  3 wargs (Orc:2)
  45 nagas
  4 steam dragons
  A two-headed ogre zombie (Crypt:3)
  Edmund (D:4)
  3 hydra simulacra
  5 harpy simulacra
  2 large abominations (Elf:1)
  13 water moccasins
  2 acid dragons
  4 hell hounds
  2 floating eyes
  4 black bears
  A glowing shapeshifter skeleton (Vaults:1)
  61 orc warriors
  An ice beast (D:7)
  3 sky beasts
  3 alligator simulacra (IceCv)
  A snapping turtle skeleton (Crypt:2)
  A boggart (D:12)
  17 wolves
  A wolf (shapeshifter) (Vaults:5)
  2 ettin simulacra (IceCv)
  7 ogres
  12 centaurs
  2 phantoms (D:4)
  A blink frog skeleton (Crypt:1)
  3 elf zombies
  6 kobold brigands
  18 bullfrogs
  5 scorpions
  An earth elemental (Elf:1)
  2 deep troll simulacra (IceCv)
  2 necrophages
  A hornet simulacrum (D:14)
  7 wights
  A troll zombie (Crypt:1)
  9 killer bees
  A polar bear zombie (Crypt:3)
  4 lindwurm simulacra (IceCv)
  3 electric eels
  5 howler monkeys
  A wolf zombie (Crypt:2)
  4 lava snakes (Lair:2)
  4 hounds
  35 orc priests
  A centaur skeleton (Crypt:2)
  5 jellies
  2 gnoll boudas
  20 orc wizards
  4 sleepcaps
  2 iguanas
  Terence (D:2)
  5 hell rats
  A tengu zombie (Crypt:3)
  An ogre zombie (Crypt:1)
  16 mummies
  15 gnolls
  7 adders
  2 shadow imps
  4 white imps
  A worm (D:2)
  A dart slug (D:5)
  90 orcs
  4 bats
  12 endoplasms
  5 giant cockroaches
  3 goblins
  4 hobgoblins
  5 quokkas
  8 ball pythons
  A frilled lizard (D:2)
  A frilled lizard zombie (Crypt:1)
  A hobgoblin zombie (Crypt:1)
  17 kobolds
  5 rats
  A spectral orc (D:6)
  8 creeping infernos
  66 fire vortices
  2 tentacles (Shoals:1)
2660 creatures vanquished.

Vanquished Creatures (others)
  2 fire giants
  A draconian knight (Zot:1)
  An ice dragon (Hell)
  A stoker (Geh:7)
  A sun demon (Depths:1)
  A spectral ettin (Tar:6)
  An ogre (Vaults:5)
  2 creeping infernos
  A spectral weapon (Elf:2)
  2 tentacles (Shoals:1)
13 creatures vanquished.

Grand Total: 2673 creatures vanquished

Notes
Turn   | Place    | Note
-------+----------+-------------------------------------------
     0 | D:1      | Dadbod the Formicid Hunter began the quest for the Orb.
     0 | D:1      | Reached XP level 1. HP: 16/16 MP: 1/1
    73 | D:1      | Reached XP level 2. HP: 22/22 MP: 2/2
   795 | D:1      | Reached XP level 3. HP: 28/28 MP: 3/3
  1307 | D:2      | Reached XP level 4. HP: 34/34 MP: 4/4
  1401 | D:2      | Noticed Terence
  1425 | D:2      | Killed Terence
  1426 | D:2      | Reached skill level 5 in Ranged Weapons
  1426 | D:2      | Reached skill level 1 in Armour
  1616 | D:2      | Reached XP level 5. HP: 41/41 MP: 5/5
  1851 | D:3      | Reached skill level 1 in Evocations
  2087 | D:3      | You fall into a shaft and drop 2 floors!
  2087 | D:5      | Entered Level 5 of the Dungeon
  2106 | D:5      | Found a snail-covered altar of Cheibriados.
  2151 | D:5      | Found a staircase to the Ecumenical Temple.
  2157 | Temple   | Entered the Ecumenical Temple
  2523 | Temple   | Became a worshipper of Warmaster Okawaru
  2633 | D:5      | Reached XP level 6. HP: 46/47 MP: 6/6
  2969 | D:5      | Reached skill level 6 in Ranged Weapons
  2980 | D:5      | Reached XP level 7. HP: 50/52 MP: 7/7
  3000 | D:5      | Noticed a yak
  3000 | D:5      | Noticed a yak
  3000 | D:5      | Noticed a yak
  3000 | D:5      | Noticed a yak
  3000 | D:5      | Noticed a yak
  3064 | D:4      | Reached * piety under Okawaru
  3065 | D:4      | Reached skill level 1 in Invocations
  3084 | D:4      | Found a transporter.
  3168 | D:4      | Noticed Edmund
  3187 | D:4      | Killed Edmund
  3188 | D:4      | Reached skill level 7 in Ranged Weapons
  3188 | D:4      | Reached XP level 8. HP: 32/60 MP: 9/9
  3546 | D:4      | Reached ** piety under Okawaru
  3720 | D:4      | Found a transporter.
  4240 | D:5      | Noticed a shadow
  4241 | D:5      | Found a shadowy altar of Dithmenos.
  4242 | D:5      | Found a hazy altar of Hepliaklqana.
  4492 | D:6      | Found a shimmering altar of Xom.
  4504 | D:6      | Found a shimmering altar of Xom.
  4507 | D:6      | Found a shimmering altar of Xom.
  4512 | D:6      | Found a shimmering altar of Xom.
  4515 | D:6      | Found a shimmering altar of Xom.
  4518 | D:6      | Found a shimmering altar of Xom.
  4518 | D:6      | Found a shimmering altar of Xom.
  4615 | D:6      | Found a blossoming altar of Fedhas.
  4722 | D:6      | Found an opulent altar of Gozag.
  4923 | D:6      | Reached skill level 8 in Ranged Weapons
  4981 | D:6      | Reached XP level 9. HP: 39/66 MP: 11/11
  5142 | D:6      | Found a basalt altar of Yredelemnul.
  5225 | D:7      | Noticed a hornet
  5250 | D:7      | Killed a hornet
  5250 | D:7      | Reached *** piety under Okawaru
  5343 | D:7      | Reached skill level 9 in Ranged Weapons
  5343 | D:7      | Noticed a troll
  5351 | D:7      | Killed a troll
  5352 | D:7      | Reached skill level 5 in Fighting
  5369 | D:7      | Reached skill level 5 in Invocations
  5783 | D:7      | Reached **** piety under Okawaru
  6206 | D:7      | Reached skill level 10 in Ranged Weapons
  6206 | D:7      | Reached XP level 10. HP: 67/74 MP: 12/14
  6720 | D:8      | Reached skill level 5 in Dodging
  6783 | D:8      | Found a staircase to the Lair.
  6806 | D:8      | Noticed a komodo dragon
  6813 | D:8      | Killed a komodo dragon
  6977 | D:8      | Reached skill level 11 in Ranged Weapons
  7007 | D:8      | Found a sacrificial altar of Ru.
  7552 | D:9      | Found a white marble altar of Elyvilon.
  7666 | D:9      | Found a shimmering blue altar of Sif Muna.
  7725 | D:9      | Reached ***** piety under Okawaru
  7777 | D:9      | Noticed a two-headed ogre
  7785 | D:9      | Killed a two-headed ogre
  7786 | D:9      | Reached XP level 11. HP: 83/83 MP: 16/16
  7968 | D:9      | Gained mutation: Your spells are a little easier to cast,
                  | but a little less powerful. [potion of mutation]
  7969 | D:9      | Lost mutation: Your spells are a little easier to cast, but
                  | a little less powerful. [potion of mutation]
  7969 | D:9      | Gained mutation: You are partially covered in iridescent
                  | scales. (AC +2) [potion of mutation]
  7969 | D:9      | Gained mutation: Your mind is acute. (Int +4, Str/Dex -1)
                  | [potion of mutation]
  7969 | D:9      | Gained mutation: You have hidden genetic defects. [potion
                  | of mutation]
  8257 | Lair:1   | Entered Level 1 of the Lair of Beasts
  8282 | Lair:1   | Reached skill level 12 in Ranged Weapons
  8595 | Lair:1   | Gained mutation: Your body sometimes deteriorates upon
                  | taking damage. [hidden defects]
  8853 | Lair:1   | Received a gift from Okawaru
  8868 | Lair:1   | Gained mutation: You are weak. (Str -2) [hidden defects]
  8868 | Lair:1   | Lost mutation: You have hidden genetic defects. [hidden
                  | defects expressed]
  9173 | Lair:1   | Reached skill level 13 in Ranged Weapons
  9394 | Lair:2   | Found a transporter.
  9397 | Lair:2   | Found a transporter.
  9397 | Lair:2   | Noticed Wkid's ghost (journeyman SpEn)
  9630 | Lair:2   | Reached XP level 12. HP: 92/92 MP: 18/18
  9819 | Lair:2   | Identified the +7 great mace of the Vine {flame, Int+2}
 10010 | Lair:2   | Noticed a five-headed hydra
 10017 | Lair:2   | Killed a five-headed hydra
 10026 | Lair:2   | Reached skill level 5 in Evocations
 10058 | Lair:2   | Found a staircase to the Snake Pit.
 10386 | Lair:3   | Noticed a seven-headed hydra
 10391 | Lair:3   | Killed a seven-headed hydra
 10391 | Lair:3   | Received a gift from Okawaru
 10391 | Lair:3   | Reached ****** piety under Okawaru
 10391 | Lair:3   | Found the +8 storm bow {elec, penet}
 10392 | Lair:3   | Reached skill level 14 in Ranged Weapons
 10478 | Lair:3   | Identified the +8 rapier "Jurhog Lywo" {flame, rElec}
 10491 | Lair:3   | Noticed a fire crab
 10541 | Lair:3   | Killed a fire crab
 10689 | Lair:3   | Found a staircase to the Shoals.
 10962 | Lair:3   | Noticed a catoblepas
 10970 | Lair:3   | Killed a catoblepas
 10971 | Lair:3   | Reached XP level 13. HP: 92/101 MP: 16/19
 11172 | Lair:3   | Reached skill level 1 in Shields
 11219 | Lair:3   | Noticed a catoblepas
 11225 | Lair:3   | Killed a catoblepas
 11502 | Lair:4   | Found a staircase to the Slime Pits.
 11503 | Lair:4   | Found a viscous altar of Jiyva.
 11524 | Lair:4   | Identified the +1 longbow "Muthriys" {flame, Str+2}
                  | (Okawaru gifted it to you on level 4 of the Lair of Beasts)
 11524 | Lair:4   | Received a gift from Okawaru
 11549 | Lair:4   | Noticed Nessos
 11555 | Lair:4   | Killed Nessos
 11608 | Lair:4   | Noticed Sonja
 11610 | Lair:4   | Killed Sonja
 11718 | Lair:4   | Noticed a six-headed hydra
 11732 | Lair:4   | Killed a six-headed hydra
 11733 | Lair:4   | Reached skill level 15 in Ranged Weapons
 12548 | Lair:5   | Entered Level 5 of the Lair of Beasts
 12554 | Lair:5   | Identified the +0 plate armour "Bomuh" {SInv} (Okawaru
                  | gifted it to you on level 5 of the Lair of Beasts)
 12554 | Lair:5   | Received a gift from Okawaru
 12620 | Lair:5   | Identified the +0 leather armour "Nawybuoh" {rElec}
 12765 | Lair:5   | Noticed a six-headed hydra
 12772 | Lair:5   | Killed a six-headed hydra
 12773 | Lair:5   | Reached skill level 10 in Fighting
 12792 | Lair:5   | Reached XP level 14. HP: 110/110 MP: 20/20
 12795 | Lair:5   | Reached skill level 16 in Ranged Weapons
 13208 | Lair:5   | Received a gift from Okawaru
 13813 | Lair:5   | Reached skill level 17 in Ranged Weapons
 13846 | Lair:5   | Got the Verses on the Wendigo and Transformation
 13852 | Lair:5   | Learned a level 2 spell: Wereblood
 14197 | D:10     | Entered Level 10 of the Dungeon
 14369 | D:10     | Found Kogoner's Tiny Tomes.
 14419 | D:10     | Bought the Cyclopedia of the Shift for 136 gold pieces
 14503 | D:10     | Learned a level 3 spell: Spider Form
 14628 | D:10     | Reached skill level 1 in Poison Magic
 14976 | D:10     | Reached skill level 1 in Transmutations
 15177 | D:11     | Reached skill level 1 in Spellcasting
 15209 | D:11     | Received a gift from Okawaru
 15359 | D:11     | Reached XP level 15. HP: 119/119 MP: 21/21
 15700 | D:11     | Found a runed translucent gate.
 15700 | D:11     | Found a runed translucent gate.
 15701 | D:11     | Found a runed translucent gate.
 15705 | D:11     | Noticed seaoflcl's ghost (journeyman MiFi)
 15711 | D:11     | Noticed zepal's ghost (journeyman TrMo)
 15711 | D:11     | Noticed Fecro's ghost (journeyman SpBr)
 15711 | D:11     | Noticed Fecro's ghost (novice SpBr)
 15721 | D:11     | Learned a level 8 spell: Disjunction
 16374 | D:12     | Noticed Erolcha
 16913 | D:12     | Found a staircase to the Orcish Mines.
 17017 | D:12     | Killed Erolcha
 17157 | Orc:1    | Entered Level 1 of the Orcish Mines
 17179 | Orc:1    | Received a gift from Okawaru
 17193 | Orc:1    | Reached skill level 5 in Armour
 17318 | Orc:1    | Found a dark tunnel.
 17327 | Volcano  | Entered a volcano
 17493 | Volcano  | Reached skill level 18 in Ranged Weapons
 17878 | Orc:2    | Entered Level 2 of the Orcish Mines
 17919 | Orc:2    | Received a gift from Okawaru
 17936 | Orc:2    | Reached skill level 5 in Spellcasting
 18049 | Orc:2    | Received a gift from Okawaru
 18164 | Orc:2    | Found a staircase to the Elven Halls.
 18203 | Orc:2    | Reached XP level 16. HP: 111/127 MP: 19/23
 18401 | Orc:2    | Identified the +6 longbow of Atheism {flame, Dex+6}
                  | (Okawaru gifted it to you on level 2 of the Orcish Mines)
 18401 | Orc:2    | Received a gift from Okawaru
 18477 | Orc:2    | Found Hotats's Jewellery Shop.
 18477 | Orc:2    | Found Taiplis's Jewellery Shop.
 18478 | Orc:2    | Found Biyqaidgh's Antique Weapon Boutique.
 18478 | Orc:2    | Found Bip Evik's Antique Armour Shop.
 18488 | Orc:2    | Bought an embroidered cloak for 262 gold pieces
 18861 | D:13     | Found a portal to a secret trove of treasure.
 18979 | D:13     | Identified a scroll of acquirement
 19003 | D:13     | Acquired 709 gold pieces
 19243 | D:14     | Received a gift from Okawaru
 19244 | D:14     | Reached skill level 5 in Stealth
 19302 | D:14     | Found Puguoqov's Weapon Boutique.
 20024 | D:14     | Reached skill level 10 in Shields
 20053 | D:14     | Found a gate to the Vaults.
 20093 | D:14     | Identified the +9 longbow of Dullness {flame, rPois rN+
                  | Int-5 Dex+6} (Okawaru gifted it to you on level 14 of the
                  | Dungeon)
 20093 | D:14     | Received a gift from Okawaru
 20414 | Elf:1    | Entered Level 1 of the Elven Halls
 20514 | Elf:1    | Found a crumbling gateway.
 20524 | Desolati | Entered the Desolation of Salt
 20573 | Desolati | Reached XP level 17. HP: 135/135 MP: 25/25
 20793 | Elf:1    | Identified the +0 pair of boots of the Vestibule of Hell
                  | {rElec rF- rN++ Will+} (Okawaru gifted it to you on level 1
                  | of the Elven Halls)
 20793 | Elf:1    | Received a gift from Okawaru
 21207 | Elf:1    | Got Baosumnu's Lessons on Evil
 21773 | Snake:1  | Entered Level 1 of the Snake Pit
 21870 | Snake:1  | Reached skill level 15 in Shields
 21990 | Snake:1  | Identified the +9 spear of Wu Jian, Sharing {holy, Drain
                  | Fly rCorr Str+8}
 22085 | Snake:1  | You fall into a shaft and drop 1 floor!
 22137 | Snake:2  | Found a frozen archway.
 22154 | IceCv    | Entered an ice cave
 22399 | IceCv    | Reached skill level 10 in Dodging
 22420 | IceCv    | Identified the +2 pair of gloves of Caywnet {+Inv Str+4
                  | Slay+6}
 22450 | IceCv    | Found an ancient bone altar of Kikubaaqudgha.
 22574 | IceCv    | Noticed a lich
 22582 | IceCv    | Killed a lich
 22820 | Snake:2  | Received a gift from Okawaru
 22905 | Snake:2  | Reached XP level 18. HP: 142/142 MP: 26/26
 23631 | Snake:3  | Found Zeexigath's Weapon Emporium.
 23635 | Snake:3  | Found Pin Anoqese's Antique Weapon Shoppe.
 23636 | Snake:3  | Found Diduoth's Jewellery Emporium.
 23653 | Snake:3  | Bought a ring of willpower for 300 gold pieces
 23678 | Snake:3  | Received a gift from Okawaru
 24573 | Snake:4  | Entered Level 4 of the Snake Pit
 25296 | Snake:4  | Reached skill level 15 in Dodging
 25429 | Snake:4  | Received a gift from Okawaru
 25430 | Snake:4  | Reached XP level 19. HP: 107/148 MP: 27/27
 25787 | Snake:4  | Got a serpentine rune of Zot
 26441 | Shoals:1 | Entered Level 1 of the Shoals
 27069 | Shoals:1 | Noticed Frances
 27117 | Shoals:1 | Killed Frances
 27117 | Shoals:1 | Identified the +1 crystal plate armour of Conscience {Str-5
                  | Dex+6 SInv} (Okawaru gifted it to you on level 1 of the
                  | Shoals)
 27117 | Shoals:1 | Received a gift from Okawaru
 27422 | Shoals:1 | Noticed Donald
 27443 | Shoals:1 | Killed Donald
 27510 | Shoals:1 | Identified the +3 scale mail of Past Mistakes {rElec Regen+
                  | Int+3}
 27967 | Shoals:2 | Noticed Kirke
 27977 | Shoals:2 | Killed Kirke
 28106 | Shoals:2 | Noticed Aizul
 28118 | Shoals:2 | Killed Aizul
 28654 | Shoals:3 | Noticed Polyphemus
 28654 | Shoals:3 | Noticed Nikola
 28654 | Shoals:3 | Found a transporter.
 28707 | Shoals:3 | Found Sorghog's Jewellery Emporium.
 28724 | Shoals:3 | Bought the amulet "Qaycrao" {Reflect rPois rF+ Int+2 SH+5}
                  | for 628 gold pieces
 28757 | Shoals:3 | Found Seasut's Antique Armour Shoppe.
 29011 | Shoals:3 | Found a runed translucent gate.
 29011 | Shoals:3 | Found a runed translucent gate.
 29011 | Shoals:3 | Found a runed translucent gate.
 29070 | Shoals:3 | Killed Nikola
 29079 | Shoals:3 | Found a transporter.
 29248 | Shoals:3 | Found Jeicamn's Magic Scroll Boutique.
 29265 | Shoals:3 | Found Weulut's Jewellery Boutique.
 29283 | Shoals:3 | Reached XP level 20. HP: 149/155 MP: 28/28
 29289 | Shoals:3 | Received a gift from Okawaru
 29410 | Shoals:3 | Killed Polyphemus
 29879 | Shoals:3 | Noticed monsoonserge's ghost (adept MeFi)
 30312 | Lair:2   | Killed Wkid's ghost
 30477 | Shoals:4 | Entered Level 4 of the Shoals
 30780 | Shoals:4 | Identified the -1 pair of gloves of Kaokosm {rPois Int+7
                  | Dex-2} (Okawaru gifted it to you on level 4 of the Shoals)
 30780 | Shoals:4 | Received a gift from Okawaru
 30907 | Shoals:4 | Got a barnacled rune of Zot
 31180 | Shoals:4 | Found a runed translucent door.
 31232 | Shoals:4 | Found a shimmering altar of Xom.
 31232 | Shoals:4 | Noticed Tirrikindir's ghost (adept GrFi)
 31248 | Shoals:4 | Identified the +6 falchion of Equivalence {spect, Str+3
                  | Stlth+}
 31623 | Shoals:4 | Identified the staff of fire "Igyolah" {rF+ Will+ Str+4}
 31724 | Shoals:4 | Identified the +3 pair of boots "Wusa" {Drain Int+6}
 32732 | Elf:2    | Identified the +1 pair of boots of Wariness {-Cast rN+
                  | Str+2} (Okawaru gifted it to you on level 2 of the Elven
                  | Halls)
 32732 | Elf:2    | Received a gift from Okawaru
 32755 | Elf:2    | Reached XP level 21. HP: 161/161 MP: 29/29
 32756 | Elf:2    | Found a runed translucent gate.
 32757 | Elf:2    | Found a runed translucent gate.
 32757 | Elf:2    | Found a runed translucent gate.
 33061 | Elf:2    | Reached skill level 19 in Ranged Weapons
 33421 | Elf:3    | Entered Level 3 of the Elven Halls
 33421 | Elf:3    | Found Irof's Mass Market.
 33450 | Elf:3    | Identified the +11 quarterstaff "Uxkaschupp" {speed, rN+}
 33507 | Elf:3    | Found Ojeq's General Store.
 33550 | Elf:3    | Found Lepronan's Book Boutique.
 33562 | Elf:3    | Found Boabaqu's Book Shop.
 33562 | Elf:3    | Found Qisizato's General Store.
 33569 | Elf:3    | Found Bazen's General Store.
 34350 | Elf:3    | Identified the +0 scale mail "Quqaugribiv" {Int-3 Dex+6}
                  | (Okawaru gifted it to you on level 3 of the Elven Halls)
 34350 | Elf:3    | Received a gift from Okawaru
 34747 | Elf:3    | Identified the +10 mace "Jobroiho" {pain, Str+2}
 34760 | Elf:3    | Identified the +2 robe of the Enchanted Forest {rPois}
 34972 | Elf:3    | Got the Disquisition on the Relocated Sun
 34978 | Elf:3    | Got Iticuor's Vellum of Gelid Austromancy
 34982 | Elf:3    | Identified the staff of earth "Nestryun" {Fly Stlth+}
 34989 | Elf:3    | Identified the staff of conjuration "Laethol" {Int+3}
 34997 | Elf:3    | Got Sif Muna's Omnibus of Viperous Correspondence
 35005 | Elf:3    | Identified the +0 chain mail of Entitlement {rElec}
 35221 | D:15     | Entered Level 15 of the Dungeon
 35261 | D:15     | Found an iron altar of Okawaru.
 35300 | D:15     | Noticed Roxanne
 35314 | D:15     | Killed Roxanne
 35368 | D:15     | Reached XP level 22. HP: 172/172 MP: 30/30
 35424 | D:15     | Found Caed's Antique Armour Boutique.
 35444 | D:15     | Bought a shimmering leather armour for 161 gold pieces
 35444 | D:15     | Identified the +1 leather armour of Leapfrog {rElec rPois}
                  | (You bought it in a shop on level 15 of the Dungeon)
 35535 | D:15     | Reached skill level 5 in Transmutations
 35598 | D:15     | Found a staircase to the Depths.
 35772 | Depths:1 | Entered Level 1 of the Depths
 35792 | Depths:1 | Received a gift from Okawaru
 35972 | Depths:1 | Identified the +1 chain mail "Qaeraesoyg" {rElec Int+4
                  | Dex+4}
 36140 | Depths:1 | Found a shadowy altar of Dithmenos.
 36382 | Depths:1 | Reached skill level 10 in Invocations
 36442 | Depths:1 | Found a gateway to Hell.
 36449 | Depths:1 | Found Xanaxuv's Book Shoppe.
 36449 | Depths:1 | Found Coitay's Jewellery Boutique.
 36450 | Depths:1 | Found Cucweq's Jewellery Boutique.
 37368 | Depths:2 | Noticed a juggernaut
 37382 | Depths:2 | Received a gift from Okawaru
 37385 | Depths:2 | Noticed a golden dragon
 37387 | Depths:2 | Killed a juggernaut
 37388 | Depths:2 | Noticed a golden dragon
 37408 | Arena    | Entered the Arena
 37414 | Arena    | Reached skill level 15 in Fighting
 37456 | Depths:2 | Killed a golden dragon
 37563 | Depths:2 | Killed a golden dragon
 37755 | Depths:2 | Reached skill level 20 in Ranged Weapons
 38035 | Depths:2 | Received a gift from Okawaru
 38111 | Depths:2 | Reached XP level 23. HP: 170/181 MP: 32/32
 38425 | Depths:2 | Found a one-way gate leading to the halls of Pandemonium.
 38556 | Depths:2 | Reached skill level 10 in Evocations
 38977 | Depths:3 | Found a one-way gate to the infinite horrors of the Abyss.
 39198 | Depths:3 | Received a gift from Okawaru
 39201 | Depths:3 | Noticed a golden dragon
 39213 | Depths:3 | Killed a golden dragon
 39215 | Depths:3 | Noticed a golden dragon
 39218 | Depths:3 | Noticed a golden dragon
 39224 | Depths:3 | Killed a golden dragon
 39232 | Depths:3 | Killed a golden dragon
 39522 | Depths:3 | Noticed a golden dragon
 39525 | Depths:3 | Killed a golden dragon
 39848 | Depths:3 | Found an opulent altar of Gozag.
 40069 | Depths:3 | Received a gift from Okawaru
 40143 | Depths:4 | Entered Level 4 of the Depths
 40479 | Depths:4 | Found a gate to the Realm of Zot.
 40503 | Depths:4 | Reached XP level 24. HP: 192/192 MP: 33/33
 40595 | Depths:4 | Found a one-way gateway to a ziggurat.
 40946 | Depths:4 | Received a gift from Okawaru
 41736 | Vaults:1 | Entered Level 1 of the Vaults
 41754 | Vaults:1 | Reached skill level 21 in Ranged Weapons
 42279 | Vaults:1 | You fall into a shaft and drop 1 floor!
 42436 | Vaults:2 | Found Ixywer's Antique Weapon Shoppe.
 42487 | Vaults:2 | Received a gift from Okawaru
 42679 | Vaults:2 | Reached skill level 10 in Stealth
 42706 | Vaults:2 | Identified the +2 hand axe "Befeutzyla" {antimagic, rElec
                  | Str+3}
 42857 | Vaults:2 | Reached skill level 10 in Armour
 43794 | Vaults:3 | Reached XP level 25. HP: 201/201 MP: 35/35
 43960 | Vaults:3 | Received a gift from Okawaru
 44282 | Vaults:3 | Found Wuggur's Antique Armour Shoppe.
 44422 | Vaults:3 | Found a staircase to the Crypt.
 44422 | Vaults:3 | Found a basalt altar of Yredelemnul.
 44422 | Vaults:3 | Found an ancient bone altar of Kikubaaqudgha.
 44995 | Depths:1 | Bought a book of the Hunter for 364 gold pieces
 45000 | Depths:1 | Learned a level 4 spell: Leda's Liquefaction
 45005 | Depths:1 | Learned a level 4 spell: Olgreb's Toxic Radiance
 45172 | Vaults:4 | Reached skill level 1 in Hexes
 45172 | Vaults:4 | Reached skill level 1 in Earth Magic
 45333 | Vaults:4 | Found Davor's Distillery.
 45418 | Vaults:4 | Found Cumaocw's General Store.
 45431 | Vaults:4 | Found Jos Teos's Antique Weapon Emporium.
 45673 | Vaults:4 | Noticed Jory
 45680 | Vaults:4 | Reached skill level 5 in Hexes
 45680 | Vaults:4 | Reached skill level 5 in Earth Magic
 45680 | Vaults:4 | Killed Jory
 46353 | Vaults:5 | Entered Level 5 of the Vaults
 46381 | Vaults:4 | Received a gift from Okawaru
 46855 | Arena    | Entered the Arena
 46894 | Vaults:4 | Reached XP level 26. HP: 113/205 MP: 35/35
 47679 | Arena    | Entered the Arena
 47827 | Vaults:5 | Received a gift from Okawaru
 47827 | Vaults:5 | Found the +27 heavy crossbow "Sniper" {heavy, Acc+∞ SInv}
 47919 | Vaults:5 | Reached skill level 22 in Ranged Weapons
 48532 | Vaults:5 | Noticed Saint Roka
 48543 | Vaults:5 | Killed Saint Roka
 48646 | Vaults:5 | Received a gift from Okawaru
 48843 | Vaults:5 | Identified the +8 broad axe of Xuuxtiur {drain, +Blink
                  | Will++ rCorr}
 48846 | Vaults:5 | Identified the staff of air "Kutemman" {Fly rElec}
 48851 | Vaults:5 | Identified the staff of poison "Zanwell" {rPois rC++ rN+
                  | Int-3 Dex-2}
 48903 | Vaults:5 | Noticed an ancient lich
 48904 | Vaults:5 | Noticed an ancient lich
 48921 | Arena    | Entered the Arena
 48948 | Vaults:5 | Killed an ancient lich
 48962 | Vaults:5 | Killed an ancient lich
 49372 | Vaults:5 | Received a gift from Okawaru
 49429 | Vaults:5 | Identified the +4 sling of Wrongful Imprisonment {flame,
                  | rElec rF- rCorr Int+4}
 49494 | Vaults:5 | Got Fepuqag's Further Progress in Casting
 49573 | Vaults:5 | Noticed Mara
 49576 | Vaults:5 | Killed Mara
 49665 | Vaults:5 | Noticed a dread lich
 49666 | Vaults:5 | Killed a dread lich
 49667 | Vaults:5 | Reached XP level 27. HP: 217/217 MP: 36/36
 49669 | Vaults:5 | Found Itzakoju's Magic Scroll Boutique.
 49669 | Vaults:5 | Found Mumo's Distillery.
 49680 | Vaults:5 | Bought a potion of heal wounds for 95 gold pieces
 49680 | Vaults:5 | Bought a potion of cancellation for 152 gold pieces
 49680 | Vaults:5 | Bought a potion of might for 76 gold pieces
 49680 | Vaults:5 | Bought a potion of curing for 57 gold pieces
 49680 | Vaults:5 | Bought a potion of mutation for 152 gold pieces
 49680 | Vaults:5 | Bought a potion of heal wounds for 95 gold pieces
 49687 | Vaults:5 | Bought a scroll of brand weapon for 104 gold pieces
 49687 | Vaults:5 | Bought a scroll of enchant weapon for 82 gold pieces
 49711 | Vaults:5 | Found Plog's Magic Scroll Emporium.
 49733 | Vaults:5 | Got a silver rune of Zot
 49871 | Vaults:5 | Identified the +0 leather armour of the Sacrificial Victim
                  | {rPois SInv}
 49872 | Vaults:5 | Identified the staff of earth "Nidoost" {*Slow rPois Str+2
                  | Stlth+}
 50040 | Vaults:5 | Identified the ring of Pecziemeach {rElec rF++ rCorr Dex-3
                  | Slay+2}
 50478 | Zot:1    | Entered Level 1 of the Realm of Zot
 50966 | Zot:1    | Reached skill level 23 in Ranged Weapons
 51014 | Zot:1    | Noticed an orb of fire
 51019 | Zot:1    | Killed an orb of fire
 51274 | Zot:1    | Identified the +2 pair of gloves "Elism" {MP+9}
 52015 | Zot:1    | Received a gift from Okawaru
 52041 | Zot:2    | Reached skill level 24 in Ranged Weapons
 52153 | Zot:2    | Found a shimmering altar of Xom.
 53473 | Vaults:1 | Identified the +0 plate armour of Objectivity {Rampage rF+
                  | Str+2 Dex+3}
 53551 | Crypt:1  | Entered Level 1 of the Crypt
 53577 | Crypt:1  | Noticed Xtahua
 53579 | Crypt:1  | Killed Xtahua
 53768 | Crypt:1  | Noticed Margery
 53775 | Crypt:1  | Killed Margery
 54309 | Crypt:2  | Reached skill level 25 in Ranged Weapons
 54368 | Arena    | Entered the Arena
 54857 | Crypt:2  | Identified the +8 ring mail of the Blessed Realm {rF++ rN+
                  | Int-3 Dex+4}
 55184 | D:13     | You paid a toll of +4 storm dragon scales to enter a
                  | treasure trove
 55185 | Trove    | Entered a treasure trove
 55189 | Trove    | Identified the amulet of Kubrimog {rElec Regen+}
 55192 | Trove    | Identified the ring "Wafag" {rElec Will- Str+5 Slay+4}
 55193 | Trove    | Identified the ring of Xyt Tyva {Str+2 Slay+4}
 55205 | Trove    | Identified the ring of Qaacvumo {rF+ rCorr Int-3 Dex+5
                  | Stlth+}
 55210 | Trove    | Identified the ring "Sounorgha" {rElec rCorr}
 55214 | Trove    | Identified the ring of Qaenwyn {Wiz *Slow rC+ Stlth+}
 55605 | Hell     | Entered the Vestibule of Hell
 55605 | Hell     | Noticed Murray
 55605 | Hell     | Noticed Geryon
 55795 | Depths:1 | Killed Murray
 56040 | Depths:1 | Identified the +8 triple crossbow of Bodily Humours {heavy,
                  | Will+ Str+7 Int-4 Stlth-} (Okawaru gifted it to you on
                  | level 1 of the Depths)
 56040 | Depths:1 | Received a gift from Okawaru
 56406 | Elf:3    | Bought a +2 tower shield for 247 gold pieces
 56933 | Crypt:3  | Entered Level 3 of the Crypt
 56933 | Crypt:3  | Noticed Sojobo
 56938 | Crypt:2  | Reached skill level 26 in Ranged Weapons
 56978 | Crypt:3  | Noticed Vv
 56986 | Crypt:2  | Killed Vv
 57225 | Crypt:3  | Killed Sojobo
 57263 | Crypt:3  | Noticed Boris
 57268 | Crypt:3  | Killed Boris
 57411 | Crypt:3  | Found the +9 sword of Zonguldrok {reap}
 57490 | Crypt:3  | Received a gift from Okawaru
 57890 | Crypt:3  | Found a staircase to the Tomb.
 58050 | Crypt:3  | Reached skill level 27 in Ranged Weapons
 58056 | Crypt:3  | Got Sehiqan's Volume of Variation
 58058 | Crypt:3  | Got the Encyclopedia of Arcane Weapons and Putrescence
 58071 | Crypt:3  | Identified the +9 hand axe "Ceukaof" {freeze, Str+4}
 58762 | Hell     | Killed Geryon
 58765 | Arena    | Entered the Arena
 58792 | Arena    | Entered the Arena
 59125 | Hell     | Received a gift from Okawaru
 59422 | Hell     | Found a gateway to the Iron City of Dis.
 59504 | Hell     | Found a gateway to the ashen valley of Gehenna.
 59596 | Hell     | Found a gateway to the decaying netherworld of Tartarus.
 59664 | Hell     | Found a gateway to the freezing wastes of Cocytus.
 59872 | Geh:1    | Entered Level 1 of Gehenna
 60779 | Geh:3    | You fall into a shaft and drop 3 floors!
 60800 | Geh:6    | Noticed a dread lich
 60803 | Geh:6    | Killed a dread lich
 60803 | Geh:6    | Identified the +0 crystal plate armour of Eternal Night
                  | {rF+ rCorr} (Okawaru gifted it to you on level 6 of
                  | Gehenna)
 60803 | Geh:6    | Received a gift from Okawaru
 61134 | Geh:7    | Entered Level 7 of Gehenna
 62597 | Geh:7    | Found the +13 sceptre of Asmodeus
 62597 | Geh:7    | Noticed Asmodeus
 62870 | Arena    | Entered the Arena
 62876 | Arena    | Killed Asmodeus
 63106 | Geh:7    | Got an obsidian rune of Zot
 63255 | Geh:7    | Identified the +6 scale mail of Noughts and Crosses {Str+6
                  | Slay-3} (Okawaru gifted it to you on level 7 of Gehenna)
 63255 | Geh:7    | Received a gift from Okawaru
 63435 | Geh:7    | Found the +8 arc blade {discharge, rElec}
 63441 | Geh:7    | Got the Teachings on the Shapeshifter and the Missiles
 63446 | Geh:7    | Identified the +1 pair of boots of Onwiymaff {rElec Regen+}
 63450 | Geh:7    | Identified the +6 rapier of the Iron City of Dis {elec,
                  | rElec rPois Str-5 Stlth+}
 63451 | Geh:7    | Identified the +0 chain mail of Absolutism {Harm rPois
                  | Dex+5}
 63454 | Geh:7    | Identified the +3 battleaxe of the Bespelling Coward
                  | {drain, rC+}
 63462 | Geh:7    | Identified the staff of death "Peluck" {rN+ Int+4}
 64367 | Geh:4    | Noticed an ancient lich
 64369 | Geh:4    | Killed an ancient lich
 64783 | Geh:5    | Noticed a dread lich
 64784 | Geh:5    | Killed a dread lich
 65673 | Dis:1    | Entered Level 1 of the Iron City of Dis
 66114 | Tar:1    | Entered Level 1 of Tartarus
 66154 | Tar:1    | Identified the +3 war axe of the Spheres {drain, rElec
                  | SInv} (Okawaru gifted it to you on level 1 of Tartarus)
 66154 | Tar:1    | Received a gift from Okawaru
 66415 | Coc:1    | Entered Level 1 of Cocytus
 66509 | Tar:2    | Found a huge runed gate.
 66509 | Tar:2    | Found a huge runed gate.
 66509 | Tar:2    | Found a huge runed gate.
 66509 | Tar:2    | Found a huge runed gate.
 66510 | Tar:2    | Found a huge runed gate.
 66510 | Tar:2    | Found a huge runed gate.
 66511 | Tar:2    | Found a huge runed gate.
 66512 | Tar:2    | Found a huge runed gate.
 66514 | Tar:2    | Found a huge runed gate.
 66515 | Tar:2    | Found a huge runed gate.
 66515 | Tar:2    | Found a huge runed gate.
 66517 | Tar:2    | Found a huge runed gate.
 66518 | Tar:2    | Found a huge runed gate.
 66523 | Tar:2    | Found a huge runed gate.
 66523 | Tar:2    | Found a huge runed gate.
 66523 | Tar:2    | Found a huge runed gate.
 66523 | Tar:2    | Found a huge runed gate.
 66524 | Tar:2    | Found a huge runed gate.
 66525 | Tar:2    | Found a huge runed gate.
 66533 | Tar:2    | Found a huge runed gate.
 66533 | Tar:2    | Found a huge runed gate.
 66533 | Tar:2    | Found a huge runed gate.
 66533 | Tar:2    | Found a huge runed gate.
 66533 | Tar:2    | Found a huge runed gate.
 66533 | Tar:2    | Found a huge runed gate.
 66534 | Tar:2    | Found a huge runed gate.
 66535 | Tar:2    | Found a huge runed gate.
 66539 | Tar:2    | Found a huge runed gate.
 66547 | Tar:2    | Found a huge runed gate.
 66547 | Tar:2    | Found a huge runed gate.
 66547 | Tar:2    | Found a huge runed gate.
 66547 | Tar:2    | Found a huge runed gate.
 66547 | Tar:2    | Found a huge runed gate.
 66547 | Tar:2    | Found a huge runed gate.
 66548 | Tar:2    | Found a huge runed gate.
 66549 | Tar:2    | Found a huge runed gate.
 66868 | Arena    | Entered the Arena
 66896 | Arena    | Entered the Arena
 66916 | Arena    | Entered the Arena
 66959 | Arena    | Entered the Arena
 66961 | Arena    | HP: 3/240 [bone dragon (15)]
 67586 | Vaults:4 | Bought a potion of curing for 45 gold pieces
 67875 | Elf:3    | Bought a potion of curing for 63 gold pieces
 67875 | Elf:3    | Bought a potion of curing for 63 gold pieces
 68724 | Tar:4    | You fall into a shaft and drop 2 floors!
 69748 | Temple   | Fell from the grace of Okawaru
 69748 | Temple   | Became a worshipper of the Shining One
 70144 | Tomb:1   | Entered Level 1 of the Tomb of the Ancients
 70383 | Tomb:1   | Noticed a royal mummy
 70386 | Tomb:1   | Noticed a royal mummy
 70386 | Tomb:1   | Reached * piety under the Shining One
 70388 | Tomb:1   | Noticed a royal mummy
 70391 | Tomb:1   | Noticed Khufu
 70401 | Tomb:1   | HP: 9/247 [sphinx (15)]
 70402 | Tomb:1   | You fall into a shaft and drop 1 floor!
 70597 | Tomb:2   | Reached ** piety under the Shining One
 70971 | Tomb:1   | Noticed a royal mummy
 70973 | Tomb:2   | Reached *** piety under the Shining One
 70974 | Tomb:2   | Noticed a royal mummy
 70974 | Tomb:2   | Noticed a royal mummy
 70974 | Tomb:2   | Noticed a royal mummy
 70975 | Tomb:2   | Noticed a royal mummy
 70976 | Tomb:2   | Killed a royal mummy
 70989 | Tomb:2   | HP: 11/247 [something (2)]
 70991 | Tomb:2   | Reached **** piety under the Shining One
 70995 | Tomb:2   | Killed a royal mummy
 70995 | Tomb:2   | HP: 7/247 [something (17)]
 70995 | Tomb:2   | Slain by a royal mummy

Illustrated notes

Levels and vault maps discovered:
D:1:      minmay_arrival_jagged, layout_basic, minmay_indecisive_spiral
D:2:      layout_loops_ring, minivault_19, chequers_mini_garden, uniq_terence
D:3:      layout_rooms
D:4:      gammafunk_cloud_chamber, layout_rooms, uniq_edmund
D:5:      layout_basic, riverfiend_overflow_shadow_ancestor, slow_altar_1,
          minmay_temple_entry_hall, minmay_hedge_maze
D:6:      layout_basic, mainiacjoe_overflow_alcove_1, nicolae_xom_altar_mimics,
          kennysheep_little_box, yredelemnul_forgotten_temple_becter
D:7:      layout_basic
D:8:      layout_gridville, nicolae_ru_awakened_eye, due_lair_maze_entry_diamond
D:9:      layout_roguey, mainiacjoe_overflow_catch_the_wave
D:10:     layout_loops_corners, kennysheep_another_room,
          nicolae_shop_i_like_small_books_too, serial_bayou_crossing
D:11:     layout_loops_corners, gammafunk_ghost_cemetery
D:12:     layout_basic, orc_0_dummy, minivault_28, uniq_erolcha
D:13:     layout_rooms, enter_trove_1, hangedman_stone_soup
D:14:     layout_stronghold, david_vaults_4, serial_shops,
          nicolae_shop_advertising_works [nicolae_subvault_shop_adworks],
          wad_floor_pattern_untrapped, serial_column_ruins,
          column_ruins_corridor_water, column_ruins_open_large,
          column_ruins_grid_1, column_ruins_open_medium, column_ruins_grid_1
D:15:     hangedman_depths_entry_civil_slaughter, layout_cave_pools,
          okawaru_trees_2, serial_shops, nicolae_shop_hallway_stairs,
          uniq_roxanne
Temple:   minmay_temple_forest_path
Lair:1:   layout_misc_corridors, guppyfry_lair_drakes, lemuel_fruit_tree
Lair:2:   layout_gridlike, nicolae_snake_entry_warm_welcome,
          gammafunk_ghost_arena, grunt_megastairs_3
Lair:3:   layout_cave_pods, nicolae_shoals_entry_flooding, grunt_megastairs_2
Lair:4:   layout_roguey, slime_entry_1, lemuel_old_faithful,
          serial_bayou_shore_a, uniq_sonja, uniq_nessos
Lair:5:   hangedman_lair_in_review, layout_regular_city,
          nicolae_quartered_pool_medium
Shoals:1: layout_shoals, nicolae_shoals_spectral_cove, uniq_frances, uniq_donald
Shoals:2: layout_shoals, st_cyclops, uniq_aizul, uniq_kirke
Shoals:3: layout_shoals, serial_shops, shop, nicolae_shop_drivethru, shop,
          nicolae_shop_hallway_plus, gammafunk_ghost_necromancy,
          uniq_polyphemus, uniq_nikola
Shoals:4: shoals_end_hangedman, layout_shoals, ebering_ghost_xom
Snake:1:  nicolae_snake_nest, layout_rooms, nrook_loot_triangle,
          nicolae_snake_gridmaze_waves
Snake:2:  layout_misc_corridors, portal_ice_cave_entry_pillars_1
Snake:3:  layout_chambers, st_stairs_3, nicolae_snake_coiling_death,
          minmay_shop_star
Snake:4:  johnstein_snake_rune_scales, layout_cave_town,
          nicolae_snake_guarding_the_ruins
Orc:1:    layout_caves, lightli_volcano_entry_magma_tube
Orc:2:    st_orc_pillars, layout_caves, elf_legates
Elf:1:    layout_loops_cross, portal_desolation_entry_ruin,
          minmay_elf_necromancy
Elf:2:    nicolae_elf_blades_splatter_lattice [nicolae_blade_tridents],
          layout_loops_cross, special_room [special_room_orc]
Elf:3:    grunt_elf_hall_asides, layout_gridlike, serial_shops,
          nicolae_shop_tiny_glass, minmay_shop_mass, minmay_shoptagon
Vaults:1: nicolae_vaults_trapezoid_lopsided_4, hangedman_vaults_pinch,
          dpeg_vaults_monster_box, hangedman_vaults_locks, grunt_vaults_funnel,
          nicolae_vaults_network_barrier, ontoclasm_vaults_gateway,
          nicolae_vaults_sealed_display, nicolae_vaults_tetromino_Z_1,
          nicolae_vaults_two_Ls, layout_vaults_chaotic_city
Vaults:2: nicolae_vaults_twisting_passages, st_star, ontoclasm_vaults_tryst,
          nicolae_vaults_door_testing_chamber, nicolae_vaults_storage_closets_3,
          v_misc_16, nicolae_vaults_weapon_check, nicolae_vaults_wine_cellar,
          vaults_room_fours, layout_vaults_omnigrid, serial_shops,
          nicolae_shop_just_a_little_nook
Vaults:3: nicolae_vaults_prndl, v_misc_25, v_misc_4, vaults_room_door_ring,
          minmay_crypt_entry_necro_gods, hangedman_vaults_nodes,
          nicolae_vaults_diamond_2, hangedman_vaults_slither, vaults_mumra_hex,
          nicolae_vaults_tangram_1, v_rooms_3, nicolae_vaults_sesquioval_fish,
          vaults_dpeg_emergency_exit, layout_vaults_maze_snakey, serial_shops,
          shop
Vaults:4: nicolae_vaults_three_branches, v_alt_pattern_1, v_pattern_5,
          v_misc_11, v_rooms_1, v_misc_5, nicolae_vaults_storage_closets_1,
          vaults_room_pool, hangedman_vaults_hard_town_square,
          ontoclasm_vaults_fault, vaults_room_ringed_pool,
          layout_vaults_big_cross, uniq_jory
Vaults:5: serial_shops, uniq_mara, uniq_saint_roka
Crypt:1:  layout_regular_city, grunt_crypt_arrival_webbed,
          roderic_lattice_octagonal_star, uniq_xtahua, uniq_margery
Crypt:2:  layout_gridlike
Crypt:3:  david_glass_crypt, layout_rooms, nicolae_tomb_entry_grand_gallery,
          uniq_boris, uniq_vv, uniq_sojobo
Tomb:1:   uniq_khufu
Tomb:2
Depths:1: layout_honeycomb, nicolae_dithmenos_shadow_blocks, hell_entry,
          minmay_misc_feat_four_crosses, hellmonk_scarab_ruin,
          minmay_shop_grove, firewood_loft
Depths:2: minmay_crescents, layout_gridlike, grunt_hell_horde,
          corexii_leaking_fountain, rand_demon_pan_entry_5,
          infiniplex_staircase_squiggle
Depths:3: minmay_stepped, layout_cave_shapes,
          nicolae_gozag_cash_rules_everything_around_me,
          hangedman_abyss_entry_splay, hellmouth_3, infiniplex_staircase_9_rooms
Depths:4: evilmike_zot_entry_diamond, layout_gridlike, enter_ziggurat_f,
          hangedman_tar_grid_catacomb, abyss_entry
Hell
Dis:1:    layout_gridville, nicolae_hells_hurtin_island
Geh:1:    layout_gehenna_lava_caves
Geh:2:    layout_gehenna_lava_caves
Geh:3:    layout_gehenna_pools_triple
Geh:4:    layout_gehenna_pools_box
Geh:5:    layout_gehenna_pools_basic
Geh:6:    layout_gehenna_lava_caves, nicolae_geh_single_fiery_grave
Geh:7:    evilmike_geh
Coc:1:    layout_ice_bergs
Tar:1:    layout_grid_maze
Tar:2:    layout_catacombs, nicolae_tar_cuneiform_not, door_vault
Tar:3:    layout_honeycomb
Tar:4:    layout_catacombs
Tar:6:    layout_catacombs, nicolae_tar_just_some_guys
Zot:1:    layout_basic, grunt_ministairs_7, st_single_dragon_hoard_1
Zot:2:    layout_misc_corridors, basic_altar

Skill      XL: |  1  2  3  4  5  6  7  8  9 10 11 12 13 14 15 16 17 18 19 20 21 22 23 24 25 26 27 |
---------------+----------------------------------------------------------------------------------+-----
Fighting       | 3 4 5 6 8 9 10 11 12 14 15 16 17 18 26 | 26.9
Ranged Weapons | 5 6 7 8 10 11 13 14 15 17 18 19 20 21 22 27 | 27.0
Armour         | 1 3 4 5 6 7 8 9 10 11 | 11.3
Dodging        | 2 3 4 5 6 7 8 9 11 15 18 20 21 | 21.4
Evocations     | 1 2 3 4 6 7 8 9 10 11 12 | 12.1
Invocations    | 2 3 5 7 8 9 10 11 12 | 12.9
Stealth        | 2 3 4 5 6 7 9 10 11 | 11.8
Shields        | 6 7 11 15 16 17 18 19 20 24 | 24.3
Poison Magic   | 2 4 |  4.0
Transmutations | 2 3 4 5 |  5.3
Spellcasting   | 2 5 6 7 8 9 |  9.3
Hexes          | 7 |  7.0
Earth Magic    | 7 |  7.0

Action                     |  1- 3 |  4- 6 |  7- 9 | 10-12 | 13-15 | 16-18 | 19-21 | 22-24 | 25-27 || total
---------------------------+-------+-------+-------+-------+-------+-------+-------+-------+-------++-------
  Melee: Longbow           |       |       |       |       |     3 |     1 |       |       |       ||     4
         Rapier            |       |       |       |       |       |       |    18 |       |       ||    18
         Falchion          |       |       |       |       |       |       |    12 |       |       ||    12
   Fire: Shortbow          |    56 |    88 |   301 |   544 |       |       |       |       |       ||   989
         Longbow           |       |       |       |    31 |   626 |   772 |  1157 |  1037 |  1358 ||  4981
         Triple crossbow   |       |       |       |       |    10 |    67 |     9 |   117 |    53 ||   256
         Heavy crossbow    |       |       |       |       |       |       |       |       |   903 ||   903
   Cast: Spider Form       |       |       |       |       |       |     1 |       |       |       ||     1
         Leda's Liquefacti |       |       |       |       |       |       |       |       |    18 ||    18
         Wereblood         |       |       |       |       |       |       |       |       |     1 ||     1
 Invoke: Heroism           |       |       |       |       |       |     2 |       |     2 |     4 ||     8
         Finesse           |       |       |       |       |       |     1 |       |       |     3 ||     4
         Duel              |       |       |       |       |       |       |       |     1 |    11 ||    12
         Cleansing Flame   |       |       |       |       |       |       |       |       |     2 ||     2
Ability: Dig               |       |       |       |       |     1 |       |     1 |     3 |     6 ||    11
         Evoke Invisibilit |       |       |       |       |       |       |       |       |     1 ||     1
         Shaft Self        |       |       |       |       |       |       |       |       |     1 ||     1
  Evoke: Wand              |       |     2 |    10 |     2 |     6 |     4 |     4 |     3 |     1 ||    32
         Lightning rod     |       |       |       |       |     2 |     4 |     7 |     7 |     6 ||    26
         Condenser vane    |       |       |       |       |     1 |     2 |     1 |     1 |     3 ||     8
         Phial of floods   |       |       |       |       |       |       |       |     1 |     2 ||     3
         Phantom mirror    |       |       |       |       |       |       |       |       |     1 ||     1
    Use: Scroll            |       |    10 |     8 |     6 |     5 |     6 |       |    12 |    10 ||    57
         Potion            |       |     2 |     1 |     2 |     2 |     3 |     1 |     5 |    48 ||    64
   Stab: Distracted        |       |       |       |       |       |       |     1 |       |       ||     1
 Armour: Leather armour    |     5 |       |       |       |       |    21 |    39 |    40 |   173 ||   278
         Robe              |       |     3 |    22 |    33 |       |       |       |       |       ||    58
         Steam dragon scal |       |       |       |    16 |    26 |       |       |       |       ||    42
         Acid dragon scale |       |       |       |       |     6 |     2 |       |       |       ||     8
         Troll leather arm |       |       |       |       |       |     7 |       |       |       ||     7
         Quicksilver drago |       |       |       |       |       |       |       |       |     3 ||     3
         Ring mail         |       |       |       |       |       |       |       |       |    82 ||    82
  Dodge: Dodged            |    12 |    28 |    86 |   212 |    81 |   153 |   161 |   278 |  1670 ||  2681
  Block: Buckler           |       |       |       |       |    36 |    10 |       |       |       ||    46
         Kite shield       |       |       |       |       |       |   197 |   265 |   345 |   979 ||  1786
         Reflection        |       |       |       |       |       |    22 |    66 |    39 |    82 ||   209
         Tower shield      |       |       |       |       |       |       |       |       |  1324 ||  1324
